AoeStats
← Blad_esfz

Arabia

508129605Analyzed
2v2 RM · 12d ago on Sep 21, 2026· 69m 24s· 4 players
Game mode
Random Map
Map size
Medium (4 player)
Population
200
Speed
Normal
Resources
Standard
Victory
Conquest
Starting age
Dark Age
Ending age
Imperial Age
RankedLock teamsTeams togetherTeam positionsShared explorationLock speedFull tech treeHidden civsTurbo modeCheats
Victory
Defeat
🇨🇦 Bulgarians · Canada
1032
+18
🇧🇴 Georgians · Bolivia
1031
+18
🇨🇱 Mapuche · Chile
1123
-20
🇨🇱 Huns · Chile
1018
-16
Dester
0:58 Loom
12:44 Feudal Age
13:28 Arson
13:45 Horse Collar
13:52 Double-Bit Axe
15:29 Forging
15:22 Scale Mail Armor
23:41 Castle Age
21:51 Gold Mining
25:01 Iron Casting
24:42 Chain Mail Armor
24:45 Bow Saw
24:37 Heavy Plow
25:28 Wheelbarrow
24:53 Gambesons
25:09 Squires
25:15 Squires
27:13 Pikeman
28:24 Hand Cart
28:56 Stone Mining
29:42 Gold Shaft Mining
29:47 Bloodlines
29:37 Husbandry
31:09 Stone Shaft Mining
31:31 Scale Barding Armor
33:21 Stirrups
38:39 Imperial Age
39:42 Chain Barding Armor
38:54 Elite Konnik
40:24 Crop Rotation
40:21 Caravan
41:01 Bagains
41:54 Thumb Ring
41:09 Elite Skirmisher
42:29 Plate Barding Armor
42:41 Fletching
42:51 Padded Archer Armor
43:21 Plate Mail Armor
43:51 Blast Furnace
45:03 Conscription
46:16 Blast Furnace
52:00 Bodkin Arrow
52:21 Leather Archer Armor
52:42 Town Watch
53:27 Halberdier
56:39 Town Patrol
60:20 Parthian Tactics
59:16 Heavy Cavalry Archer
61:46 Capped Ram
63:05 Siege Ram
Ricky CDL
0:49 Loom
9:13 Feudal Age
11:51 Horse Collar
20:46 Castle Age
19:19 Forging
19:14 Scale Barding Armor
19:05 Double-Bit Axe
21:10 Scale Barding Armor
21:18 Bloodlines
23:50 Husbandry
26:25 Fletching
27:44 Town Watch
29:48 Gold Mining
31:33 Ballistics
31:40 Bodkin Arrow
32:38 Wheelbarrow
34:00 Padded Archer Armor
34:21 Chain Barding Armor
36:42 Heavy Plow
41:59 Imperial Age
39:48 Hand Cart
39:34 Town Patrol
40:22 Bow Saw
40:03 Stone Mining
40:03 Light Cavalry
42:04 Heavy Cavalry Archer
43:12 Parthian Tactics
44:05 Chemistry
44:30 Heavy Cavalry Archer
45:35 Parthian Tactics
46:00 Crop Rotation
46:00 Bracer
46:08 Siege Engineers
45:51 Elite Monaspa
46:52 Conscription
47:57 Iron Casting
47:57 Plate Barding Armor
47:40 Leather Archer Armor
46:56 Hussar
47:58 Elite Skirmisher
63:40 Aznauri Cavalry
63:40 Svan Towers
zexochi
7:55 Loom
12:22 Feudal Age
22:21 Castle Age
20:13 Double-Bit Axe
21:29 Fletching
22:50 Wheelbarrow
22:15 Horse Collar
22:47 Pikeman
26:59 Bodkin Arrow
27:05 Padded Archer Armor
32:45 Scale Mail Armor
37:30 Ballistics
37:29 Leather Archer Armor
37:30 Malon
38:45 Gold Mining
39:09 Bow Saw
39:59 Forging
45:10 Imperial Age
45:42 Gold Shaft Mining
45:00 Stone Mining
45:28 Hand Cart
44:59 Town Watch
47:01 Ring Archer Armor
47:32 Elite Bolas Rider
49:03 Iron Casting
48:27 Capped Ram
50:49 Chain Mail Armor
51:35 Blast Furnace
50:26 Elite Skirmisher
52:09 Chemistry
51:54 Conscription
56:31 Halberdier
59:10 Plate Mail Armor
63:29 Butalmapu
64:44 Heavy Plow
Blad_esfz
7:48 Loom
12:43 Feudal Age
15:07 Double-Bit Axe
26:08 Castle Age
26:26 Bloodlines
29:07 Husbandry
32:50 Scale Barding Armor
33:40 Horse Collar
35:13 Forging
37:41 Chain Barding Armor
40:20 Iron Casting
40:43 Wheelbarrow
42:00 Light Cavalry
44:27 Gold Mining
45:42 Heavy Plow
48:45 Imperial Age
54:10 Imperial Age
52:14 Town Watch
53:46 Hand Cart
54:24 Cavalier
55:57 Plate Barding Armor
55:51 Bow Saw
57:26 Blast Furnace
62:35 Elite Skirmisher
Connection lost

Rejoining the realm…

Still unreachable

The connection could not be restored.

Session expired

The server has moved on; the page needs a fresh start.